 Seeded DCSS version 0.28.0-47-ge53b351184 (webtiles) character file.

Game seed: 20220502 (custom seed)

15 Outlaw582 the Chiller (level 2, -2/19 HPs)
             Began as a Human Ice Elementalist on May 2, 2022.
             Frozen to death by an endoplasm (5 damage)
             ... on level 1 of the Dungeon.
             The game lasted 00:06:49 (708 turns).

Outlaw582 the Chiller (Human Ice Elementalist)       Turns: 708, Time: 00:06:50

Health: -2/19      AC:  4    Str:  8    XL:     2   Next: 65%
Magic:  5/5        EV: 11    Int: 15    God:
Gold:   0          SH:  0    Dex: 13    Spells: 4/5 levels left

rFire   . . .      SeeInvis .   b - +0 dagger
rCold   . . .      Faith    .   (no shield)
rNeg    . . .      Spirit   .   e - +0 leather armour
rPois   .          Reflect  .   (no helmet)
rElec   .          Harm     .   c - +0 cloak
rCorr   .          Rampage  .   (no gloves)
Will    .....                   (no boots)
Stlth   ++........              (no amulet)
HPRegen 0.06/turn               (no ring)
MPRegen 0.09/turn               (no ring)

@: no status effects
A: no striking features
a: no special abilities


You were on level 1 of the Dungeon.
You visited 1 branch of the dungeon, and saw 1 of its levels.

Inventory:

Hand Weapons
 b - a +0 dagger (weapon)
 d - a -3 hunting sling of freezing
Armour
 a - a +0 robe
 c - a +0 cloak (worn)
 e - a +0 leather armour (worn)


   Skills:
 + Level 2.0 Dodging
 + Level 2.2 Stealth
 + Level 2.0 Spellcasting
 + Level 4.4 Ice Magic


You had 4 spell levels left.
You knew the following spells:

 Your Spells              Type           Power      Damage    Failure   Level
a - Freeze                Ice            60%        1d8       4%          1

Your spell library contained the following spells:

 Spells                   Type           Power      Damage    Failure   Level
 Frozen Ramparts          Ice            30%        1d5       16%         3
 Ozocubu's Armour         Ice            15%        N/A       16%         3
 Hailstorm                Conj/Ice       8%         3d4       77%         4


Dungeon Overview and Level Annotations

Branches:
Dungeon (1/15)

Altars:


Message History

[Y]es or [N]o only, please.
Keep disrobing?
Uppercase [Y]es or [N]o only, please.
Keep disrobing?
You start removing your armour.
You continue taking off your +0 robe. x3
The ball python bites you. The ball python barely misses you.
You continue taking off your +0 robe.
The endoplasm quivers.
The ball python barely misses you. The ball python closely misses you.
The ball python barely misses you. The ball python closely misses you.
You finish taking off your +0 robe.
Unknown command.
Unknown command.
The ball python barely misses you.
Keep equipping yourself?
The ball python grabs you. The ball python constricts you.
You start putting on your armour.
You continue putting on your +0 leather armour.
The ball python closely misses you. The ball python constricts you.
You continue putting on your +0 leather armour.
The ball python bites you. The ball python constricts you.
You continue putting on your +0 leather armour.
The ball python closely misses you. The ball python constricts you.
The rat bites you.
You continue putting on your +0 leather armour.
The ball python bites you. The ball python constricts you. The rat bites you.
* * * LOW HITPOINT WARNING * * *
The ball python closely misses you. The ball python constricts you.
* * * LOW HITPOINT WARNING * * *
You finish putting on your +0 leather armour.
You escape the ball python's grasp.
The ball python bites you.
* * * LOW HITPOINT WARNING * * *
The ball python grabs you. The ball python constricts you.
There are monsters nearby!
There are monsters nearby!
You escape the ball python's grasp.
The endoplasm freezes you.
You are frozen.
You die...

.......######..#
.......#..##..####
.................#
.................#
.................# ####
.................####..#
.................##....#
#############JSr.#..##.#
........@..##.#..#
.######....#_...##
#...####..# #...####..#
#...# #.## ##### #...#
#.# # #...# #...# #.#
#.###.#.### #...####.#
#.....#...# #.#...##.#


You could see an endoplasm, a ball python and a rat.

Vanquished Creatures
  A bat (D:1)
  3 endoplasms (D:1)
  A giant cockroach (D:1)
  2 goblins (D:1)
  A hobgoblin (D:1)
  3 ball pythons (D:1)
  A rat (D:1)
12 creatures vanquished.

Notes
Turn   | Place    | Note
-------+----------+-------------------------------------------
     0 | D:1      | Outlaw582 the Human Ice Elementalist began the quest for
                  | the Orb.
     0 | D:1      | Reached XP level 1. HP: 13/13 MP: 3/3
   233 | D:1      | Reached XP level 2. HP: 7/19 MP: 0/5
   546 | D:1      | Found a faded altar of an unknown god.
   708 | D:1      | Frozen to death by an endoplasm

Illustrated notes

Levels and vault maps discovered:
D:1:      psy_arrival_radial02, layout_rooms, ebering_ecumenical_altar_rust

Action                   || total
-------------------------++-------
Melee: Unarmed           ||    12
       Dagger            ||     3
 Cast: Freeze            ||    16
Armor: Robe              ||     6
Dodge: Dodged            ||    27
